AoeStats
← antonk91

Black Forest

508052981Analyzed
2v2 RM · 10d ago on Sep 20, 2026· 50m 23s· 4 players
Game mode
Random Map
Map size
Medium (4 player)
Population
200
Speed
Normal
Resources
Standard
Victory
Conquest
Starting age
Dark Age
Ending age
Imperial Age
RankedLock teamsTeams togetherTeam positionsShared explorationLock speedFull tech treeHidden civsTurbo modeCheats
Victory
Defeat
🇦🇷 Ethiopians · Argentina
1109
+14
🇦🇷 Wei · Argentina
1108
+14
🇩🇪 Britons · Germany
1056
-14
🇩🇪 Romans · Germany
1054
-14
antonk91
1:35 Loom
15:15 Feudal Age
20:51 Castle Age
19:45 Double-Bit Axe
24:50 Horse Collar
29:06 Gold Mining
31:19 Wheelbarrow
31:10 Ballistas
32:31 Ballistics
35:25 Imperial Age
32:50 Stone Mining
34:07 Bow Saw
34:22 Hand Cart
35:13 Town Watch
35:26 Pikeman
36:12 Scale Mail Armor
37:46 Chemistry
36:15 Halberdier
37:28 Heavy Scorpion
39:07 Chain Mail Armor
chrisceylon
5:07 Loom
9:45 Feudal Age
10:11 Man-at-Arms
10:55 Arson
17:05 Double-Bit Axe
18:03 Fletching
18:15 Horse Collar
23:22 Castle Age
23:27 Crossbowman
24:13 Padded Archer Armor
27:01 Ballistics
26:45 Bodkin Arrow
33:42 Yeomen
36:14 Wheelbarrow
35:24 Town Watch
36:04 Murder Holes
38:25 Hand Cart
50:14 Imperial Age
FreeShot
1:18 Loom
10:41 Feudal Age
16:37 Castle Age
38:52 Fletching
38:42 Elite Skirmisher
46:07 Bodkin Arrow
46:14 Padded Archer Armor
47:51 Ballistics
Jericho
0:40 Loom
13:47 Feudal Age
19:41 Castle Age
17:49 Town Watch
17:56 Double-Bit Axe
17:55 Horse Collar
20:02 Wheelbarrow
21:18 Wheelbarrow
22:25 Bow Saw
22:36 Town Watch
23:55 Town Patrol
25:01 Heavy Plow
25:26 Gold Mining
25:26 Stone Mining
26:56 Gold Shaft Mining
26:11 Stone Mining
27:35 Hand Cart
28:31 Scale Barding Armor
28:36 Forging
30:14 Bloodlines
30:05 Husbandry
30:28 Chain Barding Armor
32:02 Iron Casting
33:55 Tuntian
37:11 Imperial Age
34:57 Fletching
35:36 Bodkin Arrow
37:24 Heavy Hei Guang Cavalry
39:34 Conscription
40:29 Ming Guang Armor
43:08 Chemistry
42:28 Ballistics
42:04 Murder Holes
49:17 Masonry
48:48 Treadmill Crane
Connection lost

Rejoining the realm…

Still unreachable

The connection could not be restored.

Session expired

The server has moved on; the page needs a fresh start.